 Dungeon Crawl Stone Soup version 0.31.0-11-ge490571c62 (webtiles) character file.

Game seed: 8848168239899208230

409 ProzacElf the Ruffian (level 6, -5/47 HPs)
             Began as a Draconian Shapeshifter on Feb 3, 2024.
             Slain by a black bear (9 damage)
             ... on level 3 of the Dungeon.
             The game lasted 00:05:20 (2703 turns).

ProzacElf the Ruffian (Draconian Shapeshifter)      Turns: 2703, Time: 00:05:21

Health: -5/47      AC:  6    Str: 16    XL:     6   Next: 58%
Magic:  6/6        EV: 12    Int: 10    God:
Gold:   138        SH:  0    Dex: 13    Spells: 5/5 levels left

rFire   . .          .
                       - Unarmed
rCold   . . .        (no shield)
rNeg    . . .        (body armour unavailable)
rPois   .            (helmet currently unavailable)
rElec   .            (cloak currently unavailable)
rCorr   +            (gloves currently unavailable)
SInv    .            (boots currently unavailable)
Will    .....        p - amulet of the acrobat
Stlth   +            g - ring of resist corrosion
HPRegen 0.27/turn    (no ring)
MPRegen 0.10/turn

%: acrobat
@: beast-form
A: beast (slay +3), AC +6, unfitting armour, cold-blooded
a: Begin Untransformation


You were on level 3 of the Dungeon.
You were a hulking beast.
You visited 1 branch of the dungeon, and saw 3 of its levels.

You collected 179 gold pieces.
You spent 41 gold pieces at shops.

Inventory:

Missiles
 d - 6 poisoned darts (quivered)
Magical Staves
 s - a staff of air
Jewellery
 g - a ring of resist corrosion (left hand)
 j - an amulet of magic regeneration
 p - an amulet of the acrobat (around neck)
Talismans
 b - a beast talisman
 c - a flux talisman
Scrolls
 i - 2 scrolls of fog {unknown}
 k - 2 scrolls of brand weapon {unknown}
 m - a scroll of revelation {unknown}
 n - 3 scrolls of identify
 o - 2 scrolls of enchant armour {unknown}
 q - a scroll of summoning {unknown}
Potions
 a - a potion of lignification
 e - 3 potions of heal wounds {unknown}
 f - a potion of curing {unknown}
 h - 3 potions of attraction {unknown}
 l - 3 potions of brilliance {unknown}
 r - a potion of might {unknown}
 t - 2 potions of haste {unknown}


   Skills:
 - Level 1.1 Fighting
 - Level 1.7 Dodging
 + Level 5.6 Unarmed Combat
 + Level 5.3 Shapeshifting


You had 5 spell levels left.
You didn't know any spells.
Your spell library contained the following spells:

 Spells                   Type           Power      Damage    Failure   Level
 Brom's Barrelling Bould  Conj/Erth      0%         2d3       98%         4
 Fireball                 Conj/Fire      0%         3d3       100%        5
 Iskenderun's Battlesphe  Conj           0%         2d6       100%        5
 Conjure Ball Lightning   Conj/Air       0%         3x3d6     100%        6
 Orb of Destruction       Conj           0%         9d5       100%        7


Dungeon Overview and Level Annotations

Branches:
Dungeon (3/15)

Altars:
Ashenzari

Shops:
D:2 (!*!:


Innate Abilities, Weirdness & Mutations

You are a hulking beast.
Your limbs bulge with bestial killing power. (Slay +3)
Your plain brown scales are hard. (AC +6)
You cannot fit into any form of body armour.
You are cold-blooded and may be slowed by cold attacks.


Message History

Tha black bear barely misses ye.
Tha black bear claws ye.
Tha black bear barely misses ye.
Ye take 4 damage, an' haf 43/47 hp.
Ye hit tha black bear.
Tha black bear be almost dead.
Tha black bear goes berserk!
Ye barely miss tha black bear.
Tha black bear be severely wounded.
Tha black bear barely misses ye.
Tha black bear completely misses ye.
Tha black bear claws ye.
Tha black bear bites ye!
Tha black bear claws ye.
Tha black bear closely misses ye.
Ye take 16 damage, an' haf 27/47 hp.
MASSIVE DAMAGE!!
Ye barely miss tha black bear.
Tha black bear be severely wounded.
Tha black bear bites ye.
Tha black bear claws ye but does nay damage.
Tha black bear claws ye.
Ye take 9 damage, an' haf 18/47 hp.
Ye hit tha black bear.
Tha black bear be almost dead.
Tha black bear bites ye!
* * * LOW HITPOINT WARNIN'
* * * Tha black bear closely misses ye.
Tha black bear barely misses ye.
Ye take 7 damage, an' haf 11/47 hp.
Ye hit tha black bear.
Tha black bear be almost dead.
Tha black bear bites ye.
* * * LOW HITPOINT WARNIN'
* * * Tha black bear claws ye but does nay damage.
Tha black bear barely misses ye.
Tha black bear bites ye.
* * * LOW HITPOINT WARNIN'
* * * Tha black bear claws ye.
* * * LOW HITPOINT WARNIN'
* * * Tha black bear claws ye.
* * * LOW HITPOINT WARNIN'
* * * Ye take 8 damage, an' haf 3/47 hp.
Ye barely miss tha black bear.
Tha black bear be almost dead.
Tha black bear bites ye!
Ye die...

# # ## .######
.....>. ....%..
....# ###.####
########### ........
......hh..#
.##.##############.#
......#.........##.#
..#.#.#.#######....#
..#.#.#.# ######
..#...#.# .....##†#
.......)#######
...#...)).....#


You could see a black bear (berserk).

Vanquished Creatures
  3 bombardier beetles (D:3)
  An orc priest (D:3)
  2 iguanas (D:3)
  Terence (D:2)
  2 orc wizards (D:3)
  Robin (D:2)
  3 adders
  6 dart slugs
  A ribbon worm (D:3)
  7 orcs (D:3)
  5 bats
  8 endoplasms
  2 giant cockroaches (D:1)
  12 goblins
  7 hobgoblins
  11 jackals
  A quokka (D:1)
  2 ball pythons (D:2)
  6 frilled lizards
  10 kobolds
  11 rats
102 creatures vanquished.

Notes
Turn   | Place    | Note
-------+----------+-------------------------------------------
     0 | D:1      | ProzacElf the Draconian Shapeshifter began the quest for
                  | the Orb.
     0 | D:1      | Reached XP level 1. HP: 16/16 MP: 1/1
   148 | D:1      | Reached XP level 2. HP: 20/23 MP: 2/2
   355 | D:1      | Found a faded altar of an unknown god.
   363 | D:1      | Reached XP level 3. HP: 27/28 MP: 3/3
   681 | D:2      | Found Yturel Ysoph's Antique Weapon Shoppe.
   711 | D:2      | Found Exeick's Distillery.
   720 | D:2      | Bought a potion of degeneration for 13 gold pieces
   910 | D:2      | Noticed Robin
   933 | D:2      | Killed Robin
   934 | D:2      | Reached XP level 4. HP: 27/35 MP: 4/4
  1025 | D:2      | Noticed Terence
  1042 | D:2      | Killed Terence
  1222 | D:2      | Found Uroantua's General Store.
  1242 | D:2      | Bought a scroll of identify for 28 gold pieces
  1308 | D:2      | Found Mimooxos's Distillery.
  1398 | D:2      | Found Monesi's Book Emporium.
  1665 | D:3      | Found a broken altar of Ashenzari.
  1730 | D:3      | Reached XP level 5. HP: 24/40 MP: 5/5
  1944 | D:3      | Reached skill level 5 in Unarmed Combat
  2057 | D:3      | Reached XP level 6. HP: 41/47 MP: 6/6
  2079 | D:3      | Reached skill level 5 in Shapeshifting
  2703 | D:3      | Slain by a black bear

Illustrated notes

Levels and vault maps discovered:
D:1:      mrwooster_arrival_statue_2, layout_loops_ring,
          hellmonk_ecumenical_altar_dog_temple, serial_park_tiny_pond
D:2:      minmay_evil_eye, layout_basic, serial_shops,
          nicolae_shop_advertising_works [nicolae_subvault_shop_adworks],
          nicolae_shop_behind_doors, nicolae_lakefront_shop,
          nicolae_shop_back_alley_shop, shop, hangedman_decor_lopped,
          minmay_gold_behind_fungi, uniq_robin, uniq_terence
D:3:      minmay_chambers_of_twos, layout_basic, overflow_temple_1_default,
          minmay_misc_feat_more_columns

Skill      XL: |  1  2  3  4  5  6 |
---------------+-------------------+-----
Unarmed Combat | 4 5 |  5.6
Shapeshifting  | 4 5 |  5.3
Fighting       | |  1.1
Dodging        | |  1.7

Action                     |  1- 3 |  4- 6 || total
---------------------------+-------+-------++-------
  Melee: Unarmed           |   103 |   170 ||   273
         Tailslap          |    10 |    25 ||    35
         Punch             |     3 |     4 ||     7
  Throw: Dart              |       |     3 ||     3
   Stab: Sleeping          |       |     1 ||     1
 Armour: Skin              |    46 |    90 ||   136
  Dodge: Dodged            |    43 |    94 ||   137

Action                     |  1- 3 |  4- 6 || total
---------------------------+-------+-------++-------
  Melee: Unarmed           |   103 |   170 ||   273
         Tailslap          |    10 |    25 ||    35
         Punch             |     3 |     4 ||     7
  Throw: Dart              |       |     3 ||     3
   Stab: Sleeping          |       |     1 ||     1
 Armour: Skin              |    46 |    90 ||   136
  Dodge: Dodged            |    43 |    94 ||   137

Levels and vault maps discovered:
D:1:      mrwooster_arrival_statue_2, layout_loops_ring,
          hellmonk_ecumenical_altar_dog_temple, serial_park_tiny_pond
D:2:      minmay_evil_eye, layout_basic, serial_shops,
          nicolae_shop_advertising_works [nicolae_subvault_shop_adworks],
          nicolae_shop_behind_doors, nicolae_lakefront_shop,
          nicolae_shop_back_alley_shop, shop, hangedman_decor_lopped,
          minmay_gold_behind_fungi, uniq_robin, uniq_terence
D:3:      minmay_chambers_of_twos, layout_basic, overflow_temple_1_default,
          minmay_misc_feat_more_columns
